 Dungeon Crawl Stone Soup version 0.28-a0-479-g5baa6b73be (webtiles) character file.

Game seed: 17108830663186351346

6 Dabor the Sneak (level 1, -1/9 HPs)
             Began as a Spriggan Enchanter on Sept 19, 2021.
             Hit by a stone thrown by a kobold (4 damage)
             ... on level 1 of the Dungeon.
             The game lasted 00:00:45 (715 turns).

Dabor the Sneak (Spriggan Enchanter)                 Turns: 715, Time: 00:00:46

Health: -1/9       AC:  2    Str:  4    XL:     1   Next: 75%
Magic:  5/5        EV: 17    Int: 16    God:
Gold:   0          SH:  0    Dex: 15    Spells: 5/5 levels left

rFire   . . .      SeeInvis +   a - +1 dagger
rCold   . . .      Faith    .   (shield restricted)
rNeg    . . .      Spirit   .   b - +0 robe
rPois   .          Reflect  .   (helmet restricted)
rElec   .          Harm     .   (no cloak)
rCorr   .          Rampage  .   (gloves unavailable)
Will    .....                   (boots unavailable)
Stlth   +++.......              (no amulet)
HPRegen 0.03/turn               (no ring)
MPRegen 0.09/turn               (no ring)

@: very quick
A: very small, no large weapons, unfitting armour, see invisible, speed 3
a: no special abilities


You were on level 1 of the Dungeon.
You visited 1 branch of the dungeon, and saw 1 of its levels.

Inventory:

Hand Weapons
 a - a +1 dagger (weapon)
Armour
 b - a +0 robe (worn)
Potions
 c - a potion of invisibility
 d - a potion of ambrosia {unknown}
 e - a potion of curing {unknown}


   Skills:
 + Level 0.2 Fighting
 * Level 1.4 Short Blades
 + Level 2.8 Dodging
 + Level 4.5 Stealth
 - Level 2.7 Spellcasting
 - Level 3.6 Hexes


You had 5 spell levels left.
You didn't know any spells.
Your spell library contained the following spells:

 Spells                   Type           Power      Damage    Failure   Level
 Confusing Touch          Hex            13%        N/A       13%         3
 Tukima's Dance           Hex            13%        N/A       13%         3
 Ensorcelled Hibernation  Hex/Ice        16%        N/A       14%         2
 Dazzling Flash           Conj/Hex       16%        N/A       26%         3


Dungeon Overview and Level Annotations

Branches:
Dungeon (1/15)

Altars:


Innate Abilities, Weirdness & Mutations

You are very small and have problems with some larger weapons.
You are too small for most types of armour.
You have supernaturally acute eyesight. (SInv)
You cover ground extremely quickly. (Speed+++)


Message History

The kobold closely misses you.
You hit the kobold.
You kill the kobold!
Things that are here:
a +0 short sword; 3 stones; a kobold corpse HP restored.
There is an open door here.
Found a leather armour.
e - an emerald potion A kobold comes into view.
It is wielding a +2 short sword of protection.
The kobold shouts!
A kobold is nearby!
A kobold is nearby!
A kobold is nearby!
You completely miss the kobold. The kobold closely misses you.
You closely miss the kobold. The kobold misses you.
You hit the kobold but do no damage.
The kobold hits you with a +2 short sword of protection.
Ouch! That really hurt!
You are too injured to fight recklessly!
You are too injured to fight recklessly!
The kobold throws a stone.
The stone closely misses you.
There is an open door here.
You close the door.
You start resting.
HP restored.
You open the door.
There is an open door here.
A kobold is nearby!
The kobold throws a stone.
The stone hits you.
Found a scale mail.
The kobold throws a stone.
The stone completely misses you.
You closely miss the kobold. You hit the kobold but do no damage.
The kobold misses you.
You closely miss the kobold. The kobold barely misses you.
You hit the kobold but do no damage. The kobold completely misses you.
You hit the kobold but do no damage.
The kobold hits you with a +2 short sword of protection.
The kobold throws a stone.
The stone completely misses you.
The kobold throws a stone.
The stone hits you.
You die...

#.............##.#
#.............. #. .....
#...?.......... ## .....#
#.....K........ ....#
#..............
#......#..###..[...........
#......#≈..##............[.
#......#≈≈.##..............
#......#8≈..#@.....########
#......#≈≈.........#
#......#≈..#########
####......#..##
.............#
####.........# #.........#
########## ####'#'####
#......... #.#.# #.#######.


You could see a kobold.

Vanquished Creatures
  A goblin (D:1)
  A hobgoblin (D:1)
  A kobold (D:1)
  2 ball pythons (D:1)
5 creatures vanquished.

Notes
Turn   | Place    | Note
-------+----------+-------------------------------------------
     0 | D:1      | Dabor the Spriggan Enchanter began the quest for the Orb.
     0 | D:1      | Reached XP level 1. HP: 9/9 MP: 5/5
   715 | D:1      | Hit by a stone thrown by a kobold

Illustrated notes

Levels and vault maps discovered:
D:1:      lemuel_arrival_room, layout_basic, ebering_ecumenical_altar_rust,
          minmay_misc_feat_encased, moated_statue, skrybe_limestone_x,
          amcnicky_mini_pool_small, amethyst_killhole, chequers_hall_statues_y

Action                   || total
-------------------------++-------
Melee: Dagger            ||    39
Armor: Robe              ||     2
Dodge: Dodged            ||    42

Table legend: (Time is in decaauts)
 A = Elapsed time spent in this place.
 B = Non-inter-level travel time spent in this place.
 C = Inter-level travel time spent in this place.
 D = Time resting spent in this place.
 E = Time spent auto-exploring this place.
 F = Levels seen in this place.
 G = Mean time per level.
                   A        B        C        D        E       F      G
               +--------+--------+--------+--------+--------+-----+--------+
         Total |    597 |    597 |      0 |    128 |    366 |   1 |  597.0 |
       Dungeon |    597 |    597 |      0 |    128 |    366 |   1 |  597.0 |
               +--------+--------+--------+--------+--------+-----+--------+

Top non-repeatable levels by time:
     D:1: 597 daAuts
